 Dungeon Sprint DCSS version 0.32-a0-450-g080537f31e (webtiles) character file.

Game seed: 6395186514689177269

15218 adelrune the Severer (level 12, -7/105 HPs)
             Began as a Formicid Fighter on Feb 23, 2024.
             Was the Champion of Makhleb.
             Killed from afar by a shard shrike (30 damage)
             ... with a shard of ice
             ... in the Dungeon (Sprint V: "Ziggurat Sprint").
             The game lasted 00:05:51 (551 turns).

adelrune the Severer (Formicid Fighter)              Turns: 551, Time: 00:05:52

Health: -7/105     AC: 32    Str: 29    XL:     12   Next: 54%
Magic:  0/19       EV:  8    Int: 10    God:    Makhleb [******]
Gold:   0          SH: 32    Dex: 17    Spells: 11/11 levels left

rFire   . . .        B - +16 obsidian axe {drain, demonic, Mesm ^Drain Fly SInv}
rCold   . . .        A - +18 shield of the Gong {Loud rN+ Will+ rCorr EV-5}
rNeg    + . .        z - +15 Maxwell's patent armour {-Cast -Tele rElec Will+ rCorr}
rPois   .            (helmet unavailable)
rElec   +            (no cloak)
rCorr   +            D - +0 pair of gloves {Str+3}
SInv    +            (no boots)
Will    +++..        k - amulet of guardian spirit Stlth
                     C - ring of resist corrosion
HPRegen 0.37/turn    x - +6 ring of strength
MPRegen 0.16/turn

%: no spellcasting, guardian spirit
@: flying, mesmerised
A: permanent stasis, dig shafts and tunnels, antennae 3, four strong arms
a: Dig, Renounce Religion, Minor Destruction, Lesser Servant of Makhleb, Major
Destruction, Greater Servant of Makhleb


You were in the Dungeon.
You worshipped Makhleb.
Makhleb was exalted by your worship.
You visited 1 branch

Inventory:

Hand Weapons
 B - the +16 obsidian axe (weapon) {drain, demonic, Mesm ^Drain Fly SInv}
   (You found it in the Dungeon)

   Mesm:      Its wielder is mesmerised by any visible foes, and it cannot be
   unequipped while any foes are visible.
   SInv:      It lets you see invisible.
   Fly:       It grants you flight.
   ^Drain:    It drains your maximum health when unequipped.
Armour
 z - the +15 Maxwell's patent armour (worn) {-Cast -Tele rElec Will+ rCorr}
   (You found it in the Dungeon)

   rElec:     It insulates you from electricity.
   Will+:     It increases your willpower.
   -Cast:     It prevents spellcasting.
   -Tele:     It prevents most forms of teleportation.
   rCorr:     It protects you from acid and corrosion.
 A - the +18 shield of the Gong (worn) {Loud rN+ Will+ rCorr EV-5}
   (You found it in the Dungeon)

   Loud:      It is deafeningly noisy when blocking attacks.
   EV-5:      It affects your evasion (-5).
   rN+:       It protects you from negative energy.
   Will+:     It increases your willpower.
   rCorr:     It protects you from acid and corrosion.
 D - a +0 pair of gloves of strength (worn)
Jewellery
 a - a ring of fire
 b - a +6 ring of dexterity
 k - an amulet of guardian spirit (around neck)
 s - a ring of flight
 t - a +6 ring of dexterity
 u - a +6 ring of dexterity
 v - a +6 ring of intelligence
 w - a +6 ring of intelligence
 x - a +6 ring of strength (right hand)
 y - a +6 ring of strength
 C - a ring of resist corrosion (left hand)
 E - a ring of protection from fire
 F - an amulet of the acrobat
 H - a ring of protection from fire
Wands
 c - a wand of paralysis (12)
 p - a wand of mindburst (16)
 q - a wand of iceblast (7)
 r - a wand of light (16)
 G - a wand of flame (6)
 I - a wand of polymorph (15)
Scrolls
 l - 4 scrolls of amnesia
 m - 9 scrolls of fog
 n - 5 scrolls of identify
 o - 2 scrolls of fear
Potions
 d - 6 potions of might
 e - 10 potions of curing
 f - 9 potions of heal wounds
 g - 7 potions of magic
 h - 2 potions of brilliance
 i - 2 potions of invisibility
 j - 4 potions of resistance


   Skills:
 + Level 13.4 Fighting
 * Level 16.6 Axes
 + Level 13.5 Armour
 + Level 10.9 Dodging
 + Level 15.3 Shields
 + Level 10.2 Invocations
 + Level 9.3 Evocations


You had 11 spell levels left.
You didn't know any spells.
Your spell library contained the following spells:

 Spells                   Type           Power      Damage    Failure   Level
 Magic Dart               Conj           0%         1d3       97%         1
 Call Imp                 Summ           0%         N/A       99%         2
 Static Discharge         Conj/Air       0%         3-3/arc   99%         2
 Frozen Ramparts          Ice            0%         1d1       100%        3
 Vampiric Draining        Necr           0%         2d6       100%        3
 Leda's Liquefaction      Alch/Erth      0%         N/A       100%        4
 Petrify                  Alch/Erth      0%         N/A       100%        4
 Borgnjor's Vile Clutch   Necr/Erth      0%         N/A       100%        5
 Freezing Cloud           Conj/Ice/Air   0%         6-21      100%        5
 Lee's Rapid Deconstruct  Erth           0%         3d4*      100%        5
 Metabolic Englaciation   Hex/Ice        0%         N/A       100%        5
 Bombard                  Conj/Erth      0%         9d1       100%        6
 Malign Gateway           Summ/Tloc      0%         N/A       100%        7
 Summon Horrible Things   Summ           0%         N/A       100%        8
 Death's Door             Necr           0%         N/A       100%        9
 Blink                    Tloc           Unusable   N/A       N/A         2
 Swiftness                Air            Unusable   N/A       N/A         3

Dungeon Overview and Level Annotations

Branches:
Dungeon (1/1)

Altars:
Ashenzari
Cheibriados
Dithmenos
Elyvilon
Fedhas
Gozag
Hepliaklqana
Kikubaaqudgha
Makhleb
Nemelex Xobeh
Okawaru
Qazlal
Ru
Sif Muna
Trog
Uskayaw
Vehumet
Wu Jian
Xom
Yredelemnul
Zin
The Shining One
Beogh
Jiyva
Lugonu


Innate Abilities, Weirdness & Mutations

You cannot be hasted, slowed, berserked, paralysed or teleported.
You can dig through walls and to a lower floor.
You have a pair of large antennae on your head. (SInv)
Your four strong arms can wield two-handed weapons with a shield.


Message History

You closely miss the bat simulacrum. You block the bat simulacrum's attack.
GONNNNG!
The bat simulacrum hits you but does no damage.
The shard shrike claws you but does no damage.
You block the shard shrike's attack.
SHROANNG!
You block the bat simulacrum's attack.
GONNNNG!
Unknown command.
You feel much better.
Visions of slaying the bat simulacrum flood into your mind.
You block the bat simulacrum's attack.
GONNNNG!
You block the shard shrike's attack.
BONNNG!
You block the shard shrike's attack.
BONNNG!
The bat simulacrum hits you but does no damage. x2
You slice the hellion!!
The hellion is severely wounded.
You slash the adder simulacrum!
The adder simulacrum vaporises!
Makhleb accepts your kill.
You slash the bat simulacrum!
You break out of your daze!
The bat simulacrum vaporises!
Makhleb accepts your kill.
You feel better.
Visions of slaying the hellion flood into your mind.
The tormentor calls on the powers of darkness!
The frost giant convulses!
The shard shrike convulses!
Your body is wracked with pain!
* * * LOW HITPOINT WARNING * * *
The shard shrike convulses!
The shard shrike is engulfed in freezing vapours.
You block the shard shrike's attack.
BONNNG!
The shard shrike spits a shard of ice at you.
The shard of ice hits you!!
You die...

▓...ß©ß...▓.
▓..)||):=.▓....%....▓.
▓..:[|||..▓..|..)...▓.
▓....C....▓...)()...▓.
▓...29....▓..))((...▓.
▓.....Z...▓...).)...▓.
▓.........▓.........▓.
▓...22b...▓.........▓.
▓.▓..@b.▓.▓.▓.....▓.▓.
▓....©....▓....©....▓▓
▓▓▓▓▓▓▓▓▓▓▓▓▓▓▓▓▓▓▓▓▓


{{{{{{{{ { {{{{{{{{{{ {{{{{{{{{{ {{{{{{{{{{ {{{{{{{{{{ {{{{{{{{{{ {{{{{ You
could see 2 shard shrikes, a frost giant, a nargun, 2 hellions, a tormentor and
an adder simulacrum.

Vanquished Creatures
  2 stone giants (D)
  2 entropy weavers (D)
  A vault guard (D)
  Erolcha (D)
  Erica (D)
  An ironbound frostheart (D)
  2 hell hogs (D)
  2 deep elf knights (D)
  An arcanist (D)
  An ironbound convoker (D)
  2 deep elf pyromancers (D)
  2 deep elf zephyrmancers (D)
  A cyclops (D)
  A toenail golem (D)
  A slime creature (D)
  A fire elemental (D)
  A yak (D)
  Duvessa (D)
  A hell hound (D)
  An orc warrior (D)
  2 ogres (D)
  3 centaurs (D)
  An earth elemental (D)
  Dowan (D)
  An orc priest (D)
  Jessica (D)
  An adder (D)
  An adder simulacrum (D)
  An orc (D)
  A bat simulacrum (D)
39 creatures vanquished.

Vanquished Creatures (collateral kills)
  A centaur warrior (D)
  A cyclops (D)
  2 toenail golems (D)
  An efreet (D)
  A yaktaur (D)
  Sigmund (D)
  A slime creature (D)
  A yak (D)
  Edmund (D)
  A hell hound (D)
  An orc warrior (D)
  A wolf (D)
  A centaur (D)
  Blork the orc (D)
  An orc priest (D)
  Crazy Yiuf (D)
  An iguana (D)
  2 mummies (D)
  2 adders (D)
  A river rat (D)
  An orc (D)
  A bat zombie (D)
  A ball python (D)
  A quokka zombie (D)
27 creatures vanquished.

Vanquished Creatures (others)
  A bat simulacrum (D)
1 creature vanquished.

Grand Total: 67 creatures vanquished

Notes
Turn   | Place    | Note
-------+----------+-------------------------------------------
     0 | D        | adelrune the Formicid Fighter began the quest for the Orb.
     0 | D        | Reached XP level 1. HP: 18/18 MP: 1/1
     4 | D        | Found a shimmering blue altar of Sif Muna.
     4 | D        | Found a bloodstained altar of Trog.
     4 | D        | Found a sacrificial altar of Ru.
     4 | D        | Found a stormy altar of Qazlal.
     4 | D        | Found an iron altar of Okawaru.
     5 | D        | Found a sparkling altar of Nemelex Xobeh.
     5 | D        | Found a blossoming altar of Fedhas.
     5 | D        | Found the +6 Majin-Bo {spellvamp, MP+6 Int+6}
     5 | D        | Found the +27 heavy crossbow "Sniper" {heavy, Acc+∞ SInv}
     5 | D        | Found the +10 dark maul {heavy}
     5 | D        | Found the +15 Maxwell's patent armour {-Cast -Tele rElec
                  | Will+ rCorr}
     5 | D        | Found the +18 shield of the Gong {Loud rN+ Will+ rCorr
                  | EV-5}
     5 | D        | Found the +16 obsidian axe {drain, demonic, Mesm ^Drain Fly
                  | SInv}
     5 | D        | Found the +7 great mace "Firestarter" {flame, immolate,
                  | rFlCloud rF++}
     5 | D        | Found the +6 shillelagh "Devastator" {shatter}
     5 | D        | Found the +11 plutonium sword {^Contam Stlth-}
     5 | D        | Found the +8 lance "Wyrmbane" {slay drac, rPois rF+ rC+
                  | AC+3}
     5 | D        | Found the +9 sword of Zonguldrok {reap}
     5 | D        | Found the +13 scythe of Curses {drain, curses, ^Drain}
     5 | D        | Found the +9 sword of Power {lifebolt}
     5 | D        | Found the +7 mace of Variability {chaos, chaos arc}
     5 | D        | Found the +11 Singing Sword {sonic wave}
     5 | D        | Found the +8 storm bow {elec, penet}
     7 | D        | Found a transporter.
     7 | D        | Found an ancient bone altar of Kikubaaqudgha.
     7 | D        | Found a viscous altar of Jiyva.
     7 | D        | Found a corrupted altar of Lugonu.
     7 | D        | Found a hazy altar of Hepliaklqana.
     7 | D        | Found a burning altar of Makhleb.
     7 | D        | Found an opulent altar of Gozag.
    75 | D        | Became a worshipper of Makhleb the Destroyer
    97 | D        | Reached skill level 4 in Axes
    97 | D        | Reached skill level 5 in Shields
    97 | D        | Reached XP level 2. HP: 26/26 MP: 2/2
   105 | D        | Entered arena 2.
   105 | D        | Noticed an ogre
   105 | D        | Noticed an ogre
   105 | D        | Found a transporter.
   108 | D        | Killed an ogre
   109 | D        | Reached skill level 5 in Fighting
   109 | D        | Reached skill level 6 in Axes
   109 | D        | Reached skill level 5 in Armour
   109 | D        | Reached XP level 3. HP: 33/33 MP: 3/3
   109 | D        | Reached XP level 4. HP: 39/39 MP: 4/4
   109 | D        | Killed an ogre
   110 | D        | Reached skill level 7 in Axes
   110 | D        | Reached XP level 5. HP: 46/46 MP: 5/5
   118 | D        | Entered arena 3.
   118 | D        | Noticed a toenail golem
   118 | D        | Noticed a toenail golem
   118 | D        | Noticed a toenail golem
   118 | D        | Found a transporter.
   125 | D        | Killed a toenail golem
   125 | D        | Reached * piety under Makhleb
   126 | D        | Reached skill level 9 in Axes
   126 | D        | Reached skill level 5 in Dodging
   126 | D        | Reached XP level 6. HP: 36/55 MP: 6/6
   126 | D        | Reached XP level 7. HP: 40/60 MP: 7/7
   126 | D        | Killed a toenail golem
   127 | D        | Reached skill level 10 in Axes
   127 | D        | Reached XP level 8. HP: 46/69 MP: 8/8
   127 | D        | Killed a toenail golem
   128 | D        | Reached skill level 10 in Shields
   146 | D        | Entered arena 4.
   146 | D        | Found a transporter.
   148 | D        | Reached ** piety under Makhleb
   199 | D        | Entered arena 5.
   199 | D        | Reached *** piety under Makhleb
   199 | D        | Found a transporter.
   201 | D        | Reached skill level 11 in Axes
   213 | D        | Entered arena 6.
   213 | D        | Noticed a yak
   213 | D        | Noticed a yak
   213 | D        | Found a transporter.
   214 | D        | Reached **** piety under Makhleb
   218 | D        | Killed a yak
   219 | D        | Reached XP level 9. HP: 76/76 MP: 9/9
   229 | D        | Entered arena 7.
   230 | D        | Found a transporter.
   231 | D        | Reached ***** piety under Makhleb
   234 | D        | Reached skill level 1 in Invocations
   236 | D        | Reached skill level 1 in Evocations
   248 | D        | Entered arena 8.
   248 | D        | Found the +8 Vampire's Tooth {megavamp}
   248 | D        | Noticed a hell hog
   248 | D        | Noticed a hell hog
   248 | D        | Noticed an efreet
   249 | D        | Found a transporter.
   253 | D        | Reached skill level 12 in Axes
   257 | D        | Killed a hell hog
   257 | D        | Killed a hell hog
   258 | D        | Reached skill level 10 in Fighting
   258 | D        | Reached skill level 10 in Armour
   258 | D        | Reached XP level 10. HP: 51/86 MP: 3/13
   258 | D        | Reached ****** piety under Makhleb
   259 | D        | Reached skill level 13 in Axes
   261 | D        | Killed an efreet
   262 | D        | Reached skill level 5 in Invocations
   373 | D        | Entered arena 9.
   373 | D        | Noticed a deep elf zephyrmancer
   373 | D        | Noticed a deep elf knight
   373 | D        | Noticed a deep elf pyromancer
   373 | D        | Noticed a deep elf pyromancer
   373 | D        | Noticed a deep elf zephyrmancer
   373 | D        | Noticed a deep elf knight
   374 | D        | Found a transporter.
   378 | D        | Killed a deep elf zephyrmancer
   380 | D        | Killed a deep elf zephyrmancer
   381 | D        | Reached skill level 5 in Evocations
   381 | D        | Killed a deep elf knight
   381 | D        | Killed a deep elf pyromancer
   382 | D        | Reached skill level 14 in Axes
   384 | D        | Killed a deep elf knight
   385 | D        | Reached XP level 11. HP: 93/93 MP: 12/16
   386 | D        | Killed a deep elf pyromancer
   398 | D        | Got the Dissertation on the Arctic Grave
   410 | D        | Entered arena 10.
   410 | D        | Noticed an ironbound convoker
   410 | D        | Noticed an ironbound frostheart
   410 | D        | Noticed an entropy weaver
   410 | D        | Noticed an arcanist
   410 | D        | Noticed an entropy weaver
   410 | D        | Noticed a vault guard
   411 | D        | Found a transporter.
   415 | D        | Killed an entropy weaver
   417 | D        | Killed an ironbound frostheart
   419 | D        | Killed a vault guard
   420 | D        | Reached skill level 15 in Axes
   420 | D        | Killed an arcanist
   423 | D        | Killed an ironbound convoker
   423 | D        | Killed an entropy weaver
   424 | D        | Reached skill level 10 in Dodging
   483 | D        | Entered arena 11.
   483 | D        | Noticed Sigmund
   483 | D        | Noticed Jessica
   483 | D        | Noticed Blork the orc
   483 | D        | Noticed Crazy Yiuf
   483 | D        | Noticed Dowan
   483 | D        | Noticed Duvessa
   483 | D        | Noticed Edmund
   483 | D        | Noticed Erica
   483 | D        | Noticed Erolcha
   484 | D        | Found a transporter.
   488 | D        | Killed Erica
   488 | D        | Killed Edmund
   489 | D        | Reached XP level 12. HP: 103/103 MP: 18/18
   489 | D        | Killed Dowan
   489 | D        | Killed Crazy Yiuf
   490 | D        | Killed Blork the orc
   493 | D        | Killed Erolcha
   493 | D        | Killed Duvessa
   495 | D        | Killed Jessica
   495 | D        | Killed Sigmund
   512 | D        | Entered arena 12.
   512 | D        | Noticed a centaur warrior
   513 | D        | Noticed a stone giant
   513 | D        | Noticed a stone giant
   514 | D        | Found a transporter.
   518 | D        | Killed a stone giant
   519 | D        | Reached skill level 16 in Axes
   522 | D        | Reached skill level 15 in Shields
   522 | D        | Killed a centaur warrior
   523 | D        | Killed a stone giant
   524 | D        | Reached skill level 10 in Invocations
   530 | D        | Got Xugogana's Reference Book on the Iceberg and the Welkin
   546 | D        | Entered arena 13.
   546 | D        | Noticed a shard shrike
   546 | D        | Noticed a shard shrike
   546 | D        | Noticed a nargun
   547 | D        | Noticed a frost giant
   551 | D        | Killed from afar by a shard shrike

Illustrated notes

Levels and vault maps discovered:
D:        sprint_v [room_start, room_1, room_2, room_3, room_4, room_5, room_6,
          room_7, room_8, room_9, room_10, room_11, room_12, room_13, room_14,
          room_15, room_16, room_17, room_18, room_19, room_20, room_21,
          room_22, room_23, room_24, room_25, room_26, room_27]

Skill      XL: |  1  2  3  4  5  6  7  8  9 10 11 12 |
---------------+-------------------------------------+-----
Fighting       | 4 5 6 7 8 9 10 11 12 13 | 13.4
Axes           | 4 6 7 9 10 11 12 14 15 16 | 16.6
Armour         | 4 5 6 7 8 9 10 11 12 13 | 13.5
Dodging        | 2 3 4 5 6 7 8 9 10 | 10.9
Shields        | 5 6 7 8 9 10 12 13 14 15 | 15.3
Invocations    | 4 6 9 10 | 10.2
Evocations     | 4 6 8 9 |  9.3

Action                     |  1- 3 |  4- 6 |  7- 9 | 10-12 || total
---------------------------+-------+-------+-------+-------++-------
  Melee: Broad axe         |     2 |     6 |    15 |    42 ||    65
    Use: Potion            |     1 |       |       |     1 ||     2
   Stab: Distracted        |       |       |     2 |     1 ||     3
 Armour: Plate armour      |       |     7 |    12 |    51 ||    70
  Dodge: Dodged            |       |       |     2 |    16 ||    18
  Block: Kite shield       |     3 |     9 |    36 |    86 ||   134

Table legend: (Time is in decaauts)
 A = Elapsed time spent in this place.
 B = Non-inter-level travel time spent in this place.
 C = Inter-level travel time spent in this place.
 D = Time resting spent in this place.
 E = Time spent auto-exploring this place.
 F = Levels seen in this place.
 G = Mean time per level.
                   A        B        C        D        E       F      G
               +--------+--------+--------+--------+--------+-----+--------+
         Total |    551 |    551 |      0 |    170 |      0 |   1 |  551.0 |
       Dungeon |    551 |    551 |      0 |    170 |      0 |   1 |  551.0 |
               +--------+--------+--------+--------+--------+-----+--------+

Top non-repeatable levels by time:
       D: 551 daAuts
